 Dungeon Crawl Stone Soup version 0.28-a0-258-g8de209e91f (webtiles) character file.

Game seed: 3618141661690927447

30 TrayleKats the Chopper (level 3, -1/33 HPs)
             Began as a Hill Orc Monk on Aug 26, 2021.
             Was a Believer of Beogh.
             Slain by an orc wizard (2 damage)
             ... on level 1 of the Dungeon.
             The game lasted 00:02:26 (992 turns).

TrayleKats the Chopper (Hill Orc Monk)               Turns: 992, Time: 00:02:27

Health: -1/33      AC:  8    Str: 14    XL:     3   Next: 20%
Magic:  3/3        EV:  6    Int: 10    God:    Beogh [**....]
Gold:   72         SH:  0    Dex: 13    Spells: 2/2 levels left

rFire   . . .      SeeInvis .   a - +0 hand axe
rCold   . . .      Faith    .   (no shield)
rNeg    . . .      Spirit   .   f - +0 chain mail
rPois   .          Reflect  .   (no helmet)
rElec   .          Harm     .   (no cloak)
rCorr   .          Rampage  .   (no gloves)
Will    .....                   (no boots)
Stlth   ..........              (no amulet)
HPRegen 0.11/turn               (no ring)
MPRegen 0.08/turn               (no ring)

@: no status effects
A: no striking features
a: Renounce Religion, Smiting


You were on level 1 of the Dungeon.
You worshipped Beogh.
Beogh was pleased with you.
You visited 1 branch of the dungeon, and saw 2 of its levels.

You collected 72 gold pieces.

Inventory:

Hand Weapons
 a - a +0 hand axe (weapon)
Armour
 f - a +0 chain mail (worn)
Scrolls
 b - a scroll of identify {unknown}
 d - a scroll of amnesia {unknown}
 e - a scroll of fear {unknown}
Potions
 c - a potion of brilliance {unknown}


   Skills:
 + Level 4.1 Fighting
 * Level 5.2 Axes
 - Level 2.4 Dodging
 - Level 1.5 Stealth


You had 2 spell levels left.
You didn't know any spells.
Your spell library was empty.

Dungeon Overview and Level Annotations

Branches:
Dungeon (2/15)

Altars:


Message History

Your chain mail prevents you from hitting the orc.
The orc is heavily wounded.
The orc completely misses you. Something hits you but does no damage.
You barely miss the orc.
The orc is heavily wounded.
You hit something but do no damage. The orc closely misses you.
Something hits you but does no damage.
You hit the orc.
You kill the orc!
Beogh accepts your kill.
You barely miss something. Something hits you but does no damage.
No target in view!
You barely miss something. Something hits you.
You hit something. Something hits you.
You closely miss something. Something hits you but does no damage.
You miss something. Something hits you but does no damage.
You hit something but do no damage. Something hits you but does no damage.
Your chain mail prevents you from hitting something.
Something hits you but does no damage.
You miss something. Something hits you but does no damage.
Something hits you but does no damage.
You climb upwards.
Reactivating autopickup.
There is a stone staircase leading down here.
Deactivating autopickup; reactivate with Ctrl-A.
You barely miss something. Something hits you.
You hit something.
You hear some strange, mumbled words.
A magic dart appears from out of thin air!
The magic dart hits you.
You closely miss something. Something completely misses you.
You hit something but do no damage. Something hits you.
You hit something.
You hear some strange, mumbled words.
A puff of flame appears from out of thin air!
The puff of flame hits you!
* * * LOW HITPOINT WARNING * * *
You hit something but do no damage. Something hits you.
You die...
Beogh appreciates something's killing of a heretic priest.

#.# #.# #.# #.# #.#########
########..........
#................. ########
#{################ #......#
#@...........##### #......#
#.#######........# #......#
#.# #........# #......# #.#
#.....>..# #......###.##
#####.†### #...........#
##.## #######†.....#########
#..# #....................#
##.##
#....................####..#


There were no monsters in sight!

Vanquished Creatures
  3 dart slugs
  An orc (D:2)
  A ball python (D:1)
  An endoplasm (D:1)
  A goblin (D:2)
  3 hobgoblins (D:1)
  3 jackals (D:1)
  A kobold (D:1)
  A quokka (D:1)
  2 bats (D:1)
  2 frilled lizards (D:1)
  3 rats (D:1)
22 creatures vanquished.

Vanquished Creatures (others)
  An orc (D:2)
  A ball python (D:2)
  A rat (D:2)
3 creatures vanquished.

Grand Total: 25 creatures vanquished

Notes
Turn   | Place    | Note
-------+----------+-------------------------------------------
     0 | D:1      | TrayleKats the Hill Orc Monk began the quest for the Orb.
     0 | D:1      | Reached XP level 1. HP: 19/19 MP: 1/1
    85 | D:1      | Found a faded altar of an unknown god.
   243 | D:1      | Reached XP level 2. HP: 27/27 MP: 2/2
   739 | D:1      | Reached skill level 5 in Axes
   765 | D:2      | Became a worshipper of Beogh the Brigand
   765 | D:2      | Reached * piety under Beogh
   765 | D:2      | Reached ** piety under Beogh
   783 | D:1      | Reached XP level 3. HP: 23/33 MP: 3/3
   991 | D:1      | HP: 1/33 [something/puff of flame (10)]
   992 | D:1      | Slain by an orc wizard

Illustrated notes

Levels and vault maps discovered:
D:1:      saegor_arrival_miasma, layout_basic, basic_ecumenical_altar
D:2:      layout_basic

Skill      XL: |  1  2 |
---------------+-------+-----
Fighting       | 4 |  4.1
Axes           | 5 |  5.2
Dodging        | |  2.4
Stealth        | |  1.5

Action                   || total
-------------------------++-------
Melee: Hand axe          ||    79
Invok: Convert to Beogh  ||     1
Armor: Leather armour    ||     5
       Robe              ||     1
       Chain mail        ||    32
Dodge: Dodged            ||    37

Table legend: (Time is in decaauts)
 A = Elapsed time spent in this place.
 B = Non-inter-level travel time spent in this place.
 C = Inter-level travel time spent in this place.
 D = Time resting spent in this place.
 E = Time spent auto-exploring this place.
 F = Levels seen in this place.
 G = Mean time per level.
                   A        B        C        D        E       F      G
               +--------+--------+--------+--------+--------+-----+--------+
         Total |    998 |    985 |     13 |    180 |    596 |   2 |  499.0 |
       Dungeon |    998 |    985 |     13 |    180 |    596 |   2 |  499.0 |
               +--------+--------+--------+--------+--------+-----+--------+

Top non-repeatable levels by time:
     D:1: 951 daAuts
     D:2: 46 daAuts
